 Dungeon Crawl Stone Soup version 0.20.1-1-g8b1a95d (webtiles) character file.

11615 arttle the Geomancer (level 11, -4/54 HPs)
             Began as a Gargoyle Earth Elementalist on Oct 22, 2017.
             Was a Believer of Vehumet.
             Slain by a wraith (7 damage)
             ... led by Josephine
             ... on level 10 of the Dungeon.
             The game lasted 01:24:00 (13795 turns).

arttle the Geomancer (Gargoyle Earth Elementalist) Turns: 13795, Time: 01:24:00

Health: -4/54      AC: 11    Str: 12    XL:     11   Next: 80%
Magic:  6/23       EV: 17    Int: 19    God:    Vehumet [**....]
Gold:   309        SH:  0    Dex: 12    Spells: 11/26 levels left

rFire    . . .     SeeInvis .   W - +0 quarterstaff (freeze)
rCold    + . .     Gourm    +   (shield currently unavailable)
rNeg     + . .     Faith    .   X - +1 robe {rC+}
rPois    ∞         Spirit   .   (no helmet)
rElec    +         Reflect  .   (no cloak)
rCorr    .         Harm     .   (no gloves)
MR       .....                  L - +0 pair of boots
Stlth    ++........             J - amulet of the gourmand
Regen    0.2/turn               a - +2 ring of dexterity
MPRegen  0.2/turn               (no ring)

@: flying, hasted and slowed
A: negative energy resistance 1, electricity resistance, unbreathing,
petrification resistance, rot immunity, AC +7
a: Renounce Religion


You were on level 10 of the Dungeon.
You worshipped Vehumet.
Vehumet was pleased with you.
You were hungry.

You visited 2 branches of the dungeon, and saw 11 of its levels.
You also visited: Sewer.

You collected 639 gold pieces.
You spent 330 gold pieces at shops.

Inventory:

Hand Weapons
 h - a +0 club
 i - a +0 whip
 C - a +2 flail of holy wrath
 W - a +0 quarterstaff of freezing (weapon)
Missiles
 b - 9 stones (quivered)
Armour
 c - a +0 robe
 L - a +0 pair of boots (worn)
 U - a +0 animal skin
 X - a +1 robe of cold resistance (worn)
Jewellery
 a - a +2 ring of dexterity (left hand)
 G - a +2 ring of slaying {unknown}
 J - an amulet of the gourmand (around neck)
 K - a +2 ring of dexterity
 P - an uncursed ring of protection from cold {unknown}
 T - an uncursed ring of wizardry {unknown}
 V - an uncursed ring of ice
Wands
 A - a wand of paralysis (5/24)
 B - a wand of random effects (33/48)
 S - a wand of digging (13/24)
Scrolls
 f - 4 scrolls of amnesia {unknown}
 g - 9 scrolls of remove curse {unknown}
 l - 2 scrolls of fear {unknown}
 n - 7 scrolls of enchant weapon {unknown}
 o - 4 scrolls of identify {unknown}
 v - a scroll of recharging {unknown}
 w - a scroll of magic mapping {unknown}
 y - 2 scrolls of teleportation {unknown}
 z - 4 scrolls of random uselessness {unknown}
 H - a scroll of fog {unknown}
 M - a scroll of noise {unknown}
 O - a scroll of torment {unknown}
 Q - a scroll of enchant armour {unknown}
 R - a scroll of blinking {unknown}
Potions
 j - a potion of brilliance {unknown}
 k - 4 potions of might {unknown}
 m - 3 potions of resistance {unknown}
 p - 5 potions of curing
 q - a potion of cancellation {unknown}
 r - 2 potions of heal wounds {unknown}
 x - 3 potions of flight
 E - 3 potions of haste
 F - a potion of agility {unknown}
 I - 2 potions of lignification {unknown}
 N - a potion of invisibility {unknown}
 Y - a potion of ambrosia {unknown}
Books
 e - a book of Geomancy

   Spells                             Type                      Level
   a - Sandblast                      Earth                        1
   b - Passwall                       Transmutation/Earth          2
   c - Stone Arrow                    Conjuration/Earth            3
   d - Petrify                        Transmutation/Earth          4
   e - Lee's Rapid Deconstruction     Earth                        5
 t - a book of Changes

   Spells                             Type                      Level
   a - Beastly Appendage              Transmutation                1
   b - Sticks to Snakes               Transmutation                2
   c - Spider Form                    Transmutation/Poison         3
   d - Ice Form                       Ice/Transmutation            4
   e - Blade Hands                    Transmutation                5
Comestibles
 d - 5 bread rations
 s - 3 meat rations
 u - 6 royal jellies
 D - 6 fruits


   Skills:
 - Level 10.2 Dodging
 - Level 2.1 Stealth
 - Level 8.2 Spellcasting
 - Level 4.1 Conjurations
 - Level 0.7 Transmutations
 + Level 12.5 Earth Magic


You had 11 spell levels left.
You knew the following spells:

 Your Spells              Type           Power        Failure   Level  Hunger
a - Sandblast             Erth           ######       1%          1    None
e - Lee's Rapid Deconstr  Erth           ######....   1%          5    #####..
q - Passwall              Tmut/Erth      ####......   1%          2    None
s - Petrify               Tmut/Erth      ####....     6%          4    ###....
z - Stone Arrow           Conj/Erth      #####.       1%          3    None


Dungeon Overview and Level Annotations

Branches:
Dungeon (10/15)            Temple (1/1) D:4            Lair (0/6) D:9
    Orc: D:9-12

Altars:
Ashenzari
Cheibriados
Dithmenos
Elyvilon
Fedhas
Gozag
Hepliaklqana
Kikubaaqudgha
Makhleb
Nemelex Xobeh
Okawaru
Qazlal
Ru
Sif Muna
Trog
Uskayaw
Vehumet
Xom
Yredelemnul
Zin
The Shining One

Shops:
D:7 =

Annotations:
D:8 markt42's ghost, novice GrFi


Innate Abilities, Weirdness & Mutations

You are resistant to torment.
Your stone body is resilient. (AC +7)
You are immune to poison.
You resist negative energy. (rN+)
You are resistant to electric shocks. (rElec)
You can survive without breathing.
You are immune to petrification.
You are immune to rotting.


Message History

The wraith closely misses you.
It was a potion of curing.
You feel better. The wraith hits you. The wraith closely misses you.
It was a potion of flight.
You feel very buoyant.
You fly up into the air.
The wraith misses you. The wraith hits you!
* * * LOW HITPOINT WARNING * * *
The wraith drains your vigour!
You feel as though you will be slow longer.
The wraith closely misses you. The wraith hits you but does no damage.
The wraith completely misses you.
It was a potion of haste.
You feel yourself speed up. The wraith barely misses you. The wraith hits you.
* * * LOW HITPOINT WARNING * * *
The wraith closely misses you. x2
Okay, then.
You are feeling hungry.
The wraith closely misses you. The wraith hits you!
You die...

...............# #.......###..
###.........#..# ###..#..### #..
##........#..####...###..# #..
##........#........# ##.####.. #
#.................## #..##...
####....##...........# ##.......
.##.....# ##...W..#..# ##.......#
#.......###...WW###..# #.......##
#...........####@##..##.........#
#.........### #.................
#.#......## #....<............
..#####..## ##.............###
#l.## ##..## #...........###
##.W## #...## .....$......#
##.l.###.................###
##......######...........#
###......## #........#..#


You could see 3 wraiths.

Vanquished Creatures
  Josephine (D:10)
  Fannar (D:10)
  Erica (D:8)
  The ghost of ThereIsNoGod the Grappler, a novice TrFi of Okawaru (D:10)
  2 two-headed ogres
  A centaur warrior (D:10)
  An unseen horror (D:10)
  The ghost of markt42 the Cudgeler, a novice GrFi of Okawaru (D:7)
  Psyche (D:8)
  5 hippogriffs
  A wraith (D:10)
  4 hogs
  A human (D:10)
  Edmund (D:5)
  An orc warrior (D:7)
  2 sky beasts
  2 ice beasts
  A black bear (D:9)
  A phantom (D:6)
  An ogre (D:8)
  2 centaurs
  4 big kobolds
  7 bullfrogs
  A scorpion (D:7)
  13 killer bees
  2 howler monkeys
  4 wights
  5 crimson imps
  A centaur zombie (D:10)
  5 hounds
  3 jellies
  7 orc wizards
  4 orc priests
  A gnoll shaman (D:4)
  A centaur skeleton (D:10)
  5 iguanas
  4 worker ants
  2 killer bee zombies
  2 hound skeletons
  A worker ant zombie (D:10)
  3 gnolls
  A howler monkey skeleton (D:4)
  15 adders
  3 river rats
  2 shadow imps
  An ooze (Sewer)
  An adder zombie (D:8)
  3 adder skeletons
  4 worms
  A dart slug (D:3)
  7 leopard geckos
  11 orcs
  5 giant cockroaches
  5 goblins
  5 hobgoblins
  12 jackals
  4 quokkas
  10 ball pythons
  7 bats
  3 frilled lizards
  22 kobolds
  12 rats
241 creatures vanquished.

Vanquished Creatures (others)
  5 toadstools (D:1)
5 creatures vanquished.

Grand Total: 246 creatures vanquished

Notes
Turn   | Place    | Note
-------+----------+-------------------------------------------
     0 | D:1      | arttle the Gargoyle Earth Elementalist began the quest for the Orb.
     0 | D:1      | Reached XP level 1. HP: 10/10 MP: 3/3
   139 | D:1      | Reached skill level 4 in Earth Magic
   243 | D:1      | Reached XP level 2. HP: 13/15 MP: 1/5
   733 | D:2      | Reached skill level 5 in Earth Magic
   733 | D:2      | Reached XP level 3. HP: 13/19 MP: 1/6
   968 | D:2      | Found a sparkling altar of Nemelex Xobeh.
  1174 | D:2      | Reached XP level 4. HP: 24/24 MP: 4/7
  1256 | D:2      | Found an iron altar of Okawaru.
  1461 | D:3      | Reached skill level 6 in Earth Magic
  1713 | D:3      | Noticed a bullfrog
  1717 | D:3      | Killed a bullfrog
  1717 | D:3      | Reached skill level 7 in Earth Magic
  1717 | D:3      | Reached XP level 5. HP: 27/28 MP: 4/8
  2008 | D:3      | Found a glowing drain.
  2012 | Sewer    | Entered a sewer
  2124 | Sewer    | Noticed a big kobold
  2131 | Sewer    | Killed a big kobold
  2131 | Sewer    | Reached skill level 8 in Earth Magic
  2131 | Sewer    | Reached XP level 6. HP: 31/32 MP: 3/9
  2474 | D:3      | Learned a level 3 spell: Stone Arrow
  2845 | D:3      | Found a bloodstained altar of Trog.
  2850 | D:3      | Found an ancient bone altar of Kikubaaqudgha.
  2852 | D:3      | Found a shadowy altar of Dithmenos.
  3021 | D:4      | Reached skill level 9 in Earth Magic
  3382 | D:4      | Reached XP level 7. HP: 36/36 MP: 8/10
  3697 | D:4      | Found a glowing golden altar of the Shining One.
  3957 | D:4      | Found a staircase to the Ecumenical Temple.
  3966 | Temple   | Entered the Ecumenical Temple
  4850 | D:5      | Entered Level 5 of the Dungeon
  4955 | D:5      | Noticed a two-headed ogre
  4976 | D:5      | Killed a two-headed ogre
  4976 | D:5      | Reached XP level 8. HP: 12/41 MP: 0/17
  5245 | D:5      | Learned a level 5 spell: Lee's Rapid Deconstruction
  5248 | D:5      | Learned a level 2 spell: Passwall
  5253 | D:5      | Learned a level 4 spell: Petrify
  5373 | D:5      | Noticed Edmund
  6156 | D:5      | Killed Edmund
  6156 | D:5      | Reached XP level 9. HP: 45/45 MP: 4/20
  6512 | D:6      | Found a snail-covered altar of Cheibriados.
  6560 | D:6      | Reached skill level 10 in Earth Magic
  7249 | D:6      | Found a white marble altar of Elyvilon.
  7810 | D:7      | Noticed markt42's ghost (novice GrFi)
  7873 | D:7      | Found Piyr's Jewellery Shoppe.
  7875 | D:7      | Reached skill level 11 in Earth Magic
  7902 | D:7      | Bought an uncursed amulet of the gourmand for 330 gold pieces
  7919 | D:7      | Found a basalt altar of Yredelemnul.
  7932 | D:7      | Reached skill level 1 in Conjurations
  8570 | D:8      | Found a shattered altar of Ashenzari.
  8704 | D:8      | Found a radiant altar of Vehumet.
  8785 | D:8      | Became a worshipper of Vehumet
  8960 | D:8      | Noticed Psyche
  8963 | D:8      | Killed Psyche
  8990 | D:8      | Reached XP level 10. HP: 50/50 MP: 20/22
  9081 | D:8      | Noticed markt42's ghost (novice GrFi)
  9085 | D:8      | Noticed Erica
  9216 | D:7      | Killed markt42's ghost
  9216 | D:7      | Reached skill level 5 in Dodging
 10345 | D:8      | You fall through a shaft!
 10509 | D:9      | Reached * piety under Vehumet
 10509 | D:9      | Offered knowledge of Flame Tongue by Vehumet.
 10527 | D:10     | Entered Level 10 of the Dungeon
 10575 | D:10     | Killed an unseen horror
 10957 | D:8      | Killed Erica
 10958 | D:8      | Noticed a two-headed ogre
 10974 | D:8      | HP: 2/50 [two-headed ogre/dire flail (15)]
 11369 | D:8      | Killed a two-headed ogre
 11369 | D:8      | Reached XP level 11. HP: 54/54 MP: 3/23
 12254 | D:9      | Found a staircase to the Lair.
 13158 | D:10     | Noticed ThereIsNoGod's ghost (novice TrFi)
 13172 | D:10     | Reached skill level 10 in Dodging
 13175 | D:10     | Killed ThereIsNoGod's ghost
 13295 | D:10     | Noticed a centaur warrior
 13303 | D:10     | Killed a centaur warrior
 13594 | D:10     | Noticed Fannar
 13598 | D:10     | Reached ** piety under Vehumet
 13599 | D:10     | Killed Fannar
 13599 | D:10     | Reached skill level 12 in Earth Magic
 13764 | D:10     | Noticed Josephine
 13770 | D:10     | Killed Josephine
 13770 | D:10     | Offered knowledge of Throw Flame by Vehumet.
 13791 | D:10     | HP: 2/54 [wraith[Josephine] (4)]
 13795 | D:10     | Slain by a wraith

Skill      XL: |  1  2  3  4  5  6  7  8  9 10 11 |
---------------+----------------------------------+-----
Earth Magic    | 4 5 7 8 9 11 12 | 12.5
Spellcasting   | 6 7 8 |  8.2
Conjurations   | 4 |  4.1
Dodging        | 4 9 10 | 10.2
Stealth        | |  2.1
Transmutations | |  0.7

Action                   |  1- 3 |  4- 6 |  7- 9 | 10-12 || total
-------------------------+-------+-------+-------+-------++-------
Melee: Unarmed           |    70 |       |       |       ||    70
       Whip              |       |     9 |    19 |       ||    28
       Flail             |       |       |    12 |     8 ||    20
 Cast: Sandblast         |    35 |    78 |    43 |    54 ||   210
       Stone Arrow       |       |    10 |    78 |    67 ||   155
       Lee's Rapid Decon |       |       |    18 |    46 ||    64
       Petrify           |       |       |     4 |       ||     4
       Passwall          |       |       |       |     5 ||     5
  Use: Potion            |       |       |       |     3 ||     3
  Eat: Chunk             |     1 |     9 |    31 |    17 ||    58
       Bread ration      |       |       |     1 |       ||     1
Armor: Robe              |    48 |     6 |    16 |    34 ||   104
Dodge: Dodged            |    72 |    18 |    46 |    90 ||   226
